 Dungeon Crawl Stone Soup version 0.22-a0-271-gc000056 (webtiles) character file.

95 grindst0ne the Magician (level 4, 0/24 HPs)
             Began as a Deep Elf Air Elementalist on Mar 12, 2018.
             Slain by a black bear (2 damage)
             ... on level 3 of the Dungeon.
             The game lasted 00:04:16 (1941 turns).

grindst0ne the Magician (Deep Elf Air Elementalist) Turns: 1941, Time: 00:04:17

Health: 0/24       AC:  4    Str:  5    XL:     4   Next: 40%
Magic:  0/11       EV: 18    Int: 21    God:
Gold:   164        SH:  0    Dex: 20    Spells: 5/11 levels left

rFire    . . .     SeeInvis .   k - +0 dagger
rCold    . . .     Gourm    .   (no shield)
rNeg     . . .     Faith    .   a - +0 robe
rPois    .         Spirit   .   l - +0 helmet
rElec    .         Reflect  .   (no cloak)
rCorr    .         Harm     .   j - +0 pair of gloves
MR       .....                  (no boots)
Stlth    +++.......             (no amulet)
HPRegen  0.08/turn              (no ring)
MPRegen  0.12/turn              (no ring)

@: agile, hasted, very quick
A: talons 1, blink, low mp 1
a: Blink


You were on level 3 of the Dungeon.
You were very hungry.

You visited 1 branch of the dungeon, and saw 3 of its levels.

You collected 164 gold pieces.

Inventory:

Hand Weapons
 k - a +0 dagger (weapon)
Armour
 a - a +0 robe (worn)
 j - a +0 pair of gloves (worn)
 l - a +0 helmet (worn)
Jewellery
 h - a +3 ring of intelligence {unknown}
Scrolls
 e - 4 scrolls of identify {unknown}
 i - a scroll of enchant armour {unknown}
 m - a scroll of magic mapping {unknown}
Potions
 d - a potion of curing
 g - 2 potions of might {unknown}
 n - a potion of resistance {unknown}
Comestibles
 c - 3 rations


   Skills:
 - Level 2.4 Dodging
 - Level 2.4 Stealth
 + Level 4.3 Spellcasting
 + Level 2.7 Conjurations
 + Level 3.9 Air Magic


You had 5 spell levels left.
You knew the following spells:

 Your Spells              Type           Power        Failure   Level  Hunger
a - Shock                 Conj/Air       ###.         3%          1    None
b - Swiftness             Chrm/Air       ##......     8%          2    #......
c - Static Discharge      Conj/Air       ###.....     9%          3    ##.....


Dungeon Overview and Level Annotations

Branches:
Dungeon (3/15)

Altars:
Fedhas


Innate Abilities, Weirdness & Mutations

You have sharp toenails.
You can translocate small distances at will.
Your magical capacity is low. (-10% MP)


Message History

The black bear misses you.
Casting: Shock (safe; 3% risk of failure)
Confirm with . or Enter, or press ? or * to list all spells.
Aiming: Shock (safe; 3% risk of failure)
Press: ? - help, Shift-Dir - straight line The zap hits the black bear.
The black bear is almost dead.
The zap misses the black bear.
The black bear bites you but does no damage.
The black bear closely misses you. x2
It was a potion of agility.
You feel agile all of a sudden.
The black bear goes berserk!
It was a potion of haste.
You feel yourself speed up. The black bear bites you!
Ouch! That really hurt!
* * * LOW HITPOINT WARNING * * *
The black bear claws you.
* * * LOW HITPOINT WARNING * * *
The black bear claws you.
You die...

#.# #.# ##.# ...
..#
.######.####...
........h......
#@# #.#
..######.####.#
.......<........
..##..........#.
#.########.# # #


You could see a black bear (berserk).

Vanquished Creatures
  4 adders (D:2)
  A worm (D:2)
  4 dart slugs (D:1)
  2 leopard geckos
  A ball python (D:1)
  2 bats (D:2)
  3 giant cockroaches (D:1)
  6 goblins
  4 hobgoblins
  3 jackals (D:1)
  8 kobolds
  2 quokkas (D:2)
  2 frilled lizards (D:1)
  2 rats
44 creatures vanquished.

Notes
Turn   | Place    | Note
-------+----------+-------------------------------------------
     0 | D:1      | grindst0ne the Deep Elf Air Elementalist began the quest for the Orb.
     0 | D:1      | Reached XP level 1. HP: 10/10 MP: 6/6
   126 | D:1      | Reached XP level 2. HP: 11/15 MP: 5/8
   136 | D:1      | Learned a level 2 spell: Swiftness
   696 | D:1      | Reached XP level 3. HP: 17/19 MP: 2/10
  1124 | D:2      | Learned a level 3 spell: Static Discharge
  1135 | D:2      | Reached skill level 4 in Spellcasting
  1307 | D:2      | Reached XP level 4. HP: 24/24 MP: 4/12
  1385 | D:2      | Gained mutation: You have sharp toenails. [potion of mutation]
  1385 | D:2      | Gained mutation: Your magical capacity is low. (-10% MP) [potion of mutation]
  1385 | D:2      | Gained mutation: You can translocate small distances at will. [potion of mutation]
  1768 | D:2      | Found a blossoming altar of Fedhas.
  1934 | D:3      | Noticed a black bear
  1941 | D:3      | Slain by a black bear

Vault maps used:
D:1:      saegor_arrival_simple_d
D:2:      marbit_many_paths
D:3:      gammafunk_temple_overflow_statue, first_ration, serial_bayou_pond_c,
          uniq_jessica

Skill      XL: |  1  2  3 |
---------------+----------+-----
Conjurations   | 2 |  2.7
Spellcasting   | 4 |  4.3
Dodging        | |  2.4
Stealth        | |  2.4
Air Magic      | |  3.9

Action                   |  1- 3 |  4- 6 || total
-------------------------+-------+-------++-------
Melee: Unarmed           |     8 |       ||     8
       Dagger            |     7 |     4 ||    11
       Kick              |       |     1 ||     1
 Cast: Shock             |    63 |    28 ||    91
       Static Discharge  |     1 |     5 ||     6
  Use: Potion            |       |     4 ||     4
  Eat: Chunk             |     1 |     1 ||     2
Armor: Robe              |     8 |     8 ||    16
Dodge: Dodged            |    40 |    20 ||    60

Table legend:
 A = Spawn XP
 B = Non-spawn XP
 C = Spawn XP percentage of total XP
 D = Spawn monster count
 E = Non-spawn monster count
 F = Spawn count percentage of total count
 G = Total turns spent on level
                    A         B        C        D         E        F      G
               +---------+---------+-------+---------+---------+-------+---------
         Total |       0 |     137 |   0.0 |       0 |      44 |   0.0 |  1941
               +---------+---------+-------+---------+---------+-------+---------
           D:1 |       0 |      56 |   0.0 |       0 |      26 |   0.0 |  1036
           D:2 |       0 |      81 |   0.0 |       0 |      18 |   0.0 |   895
               +---------+---------+-------+---------+---------+-------+---------
